 Dungeon Crawl Stone Soup version 0.30.1-11-g7821555f0a (webtiles) character file.

Game seed: 2216642969368664386

10697 monsoonserge the Skirmisher (level 11, -10/58 HPs)
             Began as a Spriggan Hunter on Nov 4, 2023.
             Was an Elder of Okawaru.
             Mangled by a harpy simulacrum (17 damage)
             ... in a Gauntlet on Nov 5, 2023.
             The game lasted 00:45:03 (12551 turns).

monsoonserge the Skirmisher (Spriggan Hunter)      Turns: 12551, Time: 00:45:04

Health: -10/58     AC: 14    Str:  7    XL:     11   Next: 39%
Magic:  0/16       EV: 17    Int: 12    God:    Okawaru [****..]
Gold:   682        SH:  0    Dex: 22    Spells: 10/10 levels left

rFire   + + .        a - +0 shortbow
rCold   . . .        (shield currently unavailable)
rNeg    . . .        P - quicksilver dragon scales
rPois   +            (helmet restricted)
rElec   .            (no cloak)
rCorr   +            (gloves unavailable)
SInv    +            (boots unavailable)
Will    ++...        R - amulet of Alicrot {Spirit +Inv rF+}
Stlth   ++           r - ring of Sloth {+Blink rPois rF+ rCorr}
HPRegen 0.29/turn    K - +4 ring of protection
MPRegen 0.15/turn

%: no teleportation, guardian spirit
@: studying Invocations, very quick
A: very small, no large weapons, unfitting armour, see invisible, speed 3
a: Renounce Religion, Evoke Blink, Evoke Invisibility, Heroism, Finesse


You were in a Gauntlet.
You worshipped Okawaru.
Okawaru was greatly pleased with you.
You visited 3 branches of the dungeon, and saw 13 of its levels.
You also visited: Ossuary and Gauntlet.

You collected 730 gold pieces.
You spent 48 gold pieces at shops.

Inventory:

Hand Weapons
 a - a +0 shortbow (weapon)
 s - a +0 sling
Missiles
 c - a curare-tipped dart
 f - 21 poisoned darts
 J - a throwing net
Armour
 j - +0 acid dragon scales
 P - quicksilver dragon scales (worn)
Jewellery
 o - a ring of wizardry
 r - the ring of Sloth (left hand) {+Blink rPois rF+ rCorr}
   (You found it on level 2 of the Dungeon)

   [ring of poison resistance]

   rF:        It protects you from fire.
   rPois:     It protects you from poison.
   +Blink:    It lets you blink.
   rCorr:     It protects you from acid and corrosion.
 C - a ring of protection from cold
 I - an amulet of regeneration
 K - a +4 ring of protection (right hand)
 N - a +4 ring of protection
 R - the amulet of Alicrot (around neck) {Spirit +Inv rF+}
   (You found it in a Gauntlet)

   [amulet of guardian spirit]

   It causes incoming damage to be divided between your reserves of health and
   magic.
   rF:        It protects you from fire.
   +Inv:      It lets you turn invisible.
Wands
 y - a wand of flame (47)
 G - a wand of acid (35)
 M - a wand of polymorph (10)
 O - a wand of paralysis (4)
Scrolls
 b - 2 scrolls of immolation
 e - 3 scrolls of enchant armour
 g - 3 scrolls of fog
 i - 2 scrolls of poison
 l - 4 scrolls of enchant weapon
 n - 4 scrolls of torment
 p - a scroll of fear {unknown}
 q - 4 scrolls of blinking {unknown}
 w - a scroll of noise {unknown}
 D - a scroll of amnesia {unknown}
 E - 4 scrolls of teleportation
Potions
 d - 2 potions of magic
 h - 3 potions of resistance
 k - 4 potions of lignification
 m - 3 potions of mutation
 t - 7 potions of curing
 u - 3 potions of cancellation {unknown}
 x - 3 potions of attraction
 z - 2 potions of berserk rage
 A - 5 potions of heal wounds
 B - a potion of ambrosia {unknown}
 F - 3 potions of flight {unknown}
 H - 2 potions of brilliance
 L - a potion of might {unknown}
Miscellaneous
 Q - a condenser vane


   Skills:
 + Level 6.4 Fighting
 + Level 14.5 Ranged Weapons
 * Level 3.4 Armour
 + Level 5.0 Dodging
 + Level 2.7 Stealth
 * Level 5.6 Invocations
 * Level 5.5 Evocations


You had 10 spell levels left.
You didn't know any spells.
Your spell library contained the following spells:

 Spells                   Type           Power      Damage    Failure   Level
 Beastly Appendage        Tmut           0%         N/A       71%         1
 Kiss of Death            Conj/Necr      0%         2d5       71%         1
 Ensorcelled Hibernation  Hex/Ice        0%         N/A       85%         2
 Passwall                 Tmut/Erth      0%         N/A       85%         2
 Static Discharge         Conj/Air       0%         2-2/arc   85%         2
 Wereblood                Tmut           0%         N/A       85%         2
 Confusing Touch          Hex            0%         N/A       97%         3
 Spider Form              Tmut/Pois      0%         N/A       97%         3
 Swiftness                Air            0%         N/A       97%         3
 Airstrike                Air            0%         2d(0-16)  100%        4
 Anguish                  Hex/Necr       0%         N/A       100%        4
 Dispel Undead            Necr           0%         3d6       100%        4
 Borgnjor's Revivificati  Necr           0%         N/A       100%        8
 Necromutation            Tmut/Necr      0%         N/A       100%        8
 Death's Door             Necr           0%         N/A       100%        9
 Summon Lightning Spire   Summ/Air       Unusable   N/A       N/A         4

Dungeon Overview and Level Annotations

Branches:
Dungeon (11/15)            Temple (1/1) D:7            Lair (1/5) D:10
Ossuary (visited)         Gauntlet (1/1)
    Orc: D:9-12

Altars:
Ashenzari
Cheibriados
Dithmenos
Elyvilon
Fedhas
Gozag
Hepliaklqana
Kikubaaqudgha
Makhleb
Nemelex Xobeh
Okawaru
Qazlal
Ru
Sif Muna
Trog
Uskayaw
Vehumet
Wu Jian
Xom
Yredelemnul
Zin
The Shining One

Shops:
D:7 **   D:10 [

Annotations:
D:3 1 runed translucent door, Crazy Yiuf
D:10 exclusion: ice statue Gauntlet 11 transporters, 5 runed translucent doors


Innate Abilities, Weirdness & Mutations

You are very small and have problems with some larger weapons.
You are too small for most types of armour.
You have supernaturally acute eyesight. (SInv)
You cover ground extremely quickly. (Speed+++)


Message History

The shadow imp puffs mist at you.
You see here a +0 pair of gloves.
You start resting.
The shadow imp grins evilly.
Magic restored.
You start resting.
The shadow imp lashes its tail.
The shadow imp shouts, "Run away, thou surly tardy-gaited pustule!"
The shadow imp puffs mist at you.
The shadow imp shouts, "Take thy face hence, thou qualling shard-borne snacklet!"
The shadow imp shouts, "Begone, thou worthless boil-brained brigand!"
HP restored.
You see here a +0 pair of gloves.
The shadow imp sputters.
There is a transporter here.
You enter the transporter and appear at another place.
The death scarab's many legs skitter faintly.
There is a transporter here.
There is a transporter here.
There is a transporter here.
There is a transporter here.
You enter the transporter and appear at another place.
Unknown command.
The harpy simulacrum barely misses you.
The harpy simulacrum claws you but does no damage.
The thrashing horror roars!
You shoot an arrow.
The arrow barely misses the harpy simulacrum.
The arrow hits the centaur warrior simulacrum.
The centaur warrior simulacrum is lightly damaged.
The harpy simulacrum claws you but does no damage.
The harpy simulacrum claws you. The harpy simulacrum freezes you!!
The harpy simulacrum claws you. The harpy simulacrum freezes you!!
The harpy simulacrum claws you. The harpy simulacrum freezes you!
* * * LOW HITPOINT WARNING * * *
Unknown command.
The harpy simulacrum claws you.
* * * LOW HITPOINT WARNING * * *
The harpy simulacrum freezes you!!
You die...

#..#©.#©##X#©.#..## ##..#.©#©#~©.
≈..##x##..##..#..≈###≈..#..#?#~..
#..###X.#.##..#..##§##..#..#.###+
≈..#xX#x##.#..#...§§§...#..#BZ...
#..#########..#.........#..######
#..........#..###########..#.....
#..#########..##.......##..######
#..#.......#..#.#ZZZ..#.#..#.'...
#8.#sy.....#..#[@#.Z.#..#..#.###.
#..###+#####..#[..#.#...#..#...#.
#∩.#©.+...s#©©#©...#©...#§©###.##
#..###+s##s#..#!..#.#...#..#©#...
#8.#[$#s##.#..#..#...#..#..#.####
#..#.?#s...#..#.#.....#.#..#.[...
#..#########..##.......##..######
#..........#..###########..#.....
#..#########..#.........#..######


You could see 2 redbacks, a harpy simulacrum and 2 wolf spider simulacra.

Vanquished Creatures
  A centaur warrior (D:10)
  A two-headed ogre (D:5)
  A death knight (D:10)
  A fire crab (Gauntlet)
  A deep elf pyromancer (D:10)
  A cyclops (D:10)
  A black mamba (Lair:1)
  A cane toad (Lair:1)
  A rime drake (Lair:1)
  A komodo dragon (Lair:1)
  5 ice devils (D:10)
  Prince Ribbit (D:9)
  2 wraiths (D:9)
  2 wyverns
  2 steam dragons
  2 fire bats (Gauntlet)
  2 vampire mosquitoes (D:10)
  3 wargs (D:10)
  An acid dragon (D:7)
  2 water moccasins (D:6)
  2 sky beasts
  2 orc warriors
  2 black bears
  2 centaurs
  3 kobold brigands
  4 elf zombies (Ossuary)
  A gnoll sergeant (D:6)
  A scorpion (D:4)
  A bullfrog (D:8)
  6 wights
  A killer bee (D:5)
  2 howler monkeys (D:10)
  A jelly (D:5)
  3 hounds
  A human zombie (Ossuary)
  A gnoll bouda (D:6)
  7 orc priests
  2 sleepcaps
  4 iguanas
  Terence (D:3)
  4 orc wizards
  2 mummies (Ossuary)
  Robin (D:3)
  12 adders
  11 gnolls (D:6)
  6 shadow imps
  4 white imps
  11 ufetubi
  2 dart slugs
  28 orcs
  7 ball pythons
  4 bats
  10 endoplasms
  2 giant cockroaches (D:1)
  9 hobgoblins
  3 jackals (D:3)
  2 quokkas
  5 frilled lizards
  23 goblins
  2 goblin zombies (Ossuary)
  8 hobgoblin zombies (Ossuary)
  A jackal zombie (Ossuary)
  21 kobolds
  6 kobold zombies (Ossuary)
  10 orc zombies (Ossuary)
  4 rats
  4 rat zombies (Ossuary)
281 creatures vanquished.

Vanquished Creatures (others)
  A human (D:6)
1 creature vanquished.

Grand Total: 282 creatures vanquished

Notes
Turn   | Place    | Note
-------+----------+-------------------------------------------
     0 | D:1      | monsoonserge the Spriggan Hunter began the quest for the
                  | Orb.
     0 | D:1      | Reached XP level 1. HP: 10/10 MP: 2/2
   158 | D:1      | Reached XP level 2. HP: 14/14 MP: 3/3
   498 | D:1      | Reached XP level 3. HP: 18/18 MP: 4/4
   664 | D:2      | Reached skill level 5 in Ranged Weapons
   888 | D:2      | Identified the ring of Sloth {+Blink rPois rF+ rCorr}
  1494 | D:3      | Noticed Robin
  1494 | D:3      | Noticed Terence
  1509 | D:2      | Reached XP level 4. HP: 23/23 MP: 5/5
  1723 | D:3      | Killed Robin
  1776 | D:3      | Killed Terence
  1777 | D:3      | Reached skill level 1 in Evocations
  1777 | D:3      | Reached XP level 5. HP: 26/26 MP: 6/6
  1996 | D:3      | Found a runed translucent door.
  1997 | D:3      | Noticed Crazy Yiuf
  2125 | D:3      | Reached skill level 6 in Ranged Weapons
  2719 | D:4      | Reached XP level 6. HP: 30/30 MP: 7/7
  2880 | D:4      | Reached skill level 7 in Ranged Weapons
  2957 | D:4      | Found a sacrificial altar of Ru.
  3094 | D:5      | Entered Level 5 of the Dungeon
  3105 | D:5      | HP: 1/31 [centaur/arrow (7)]
  3482 | D:5      | Found a sand-covered staircase.
  3486 | Ossuary  | Entered an ossuary
  3837 | Ossuary  | Reached XP level 7. HP: 34/35 MP: 8/8
  4006 | Ossuary  | Reached skill level 8 in Ranged Weapons
  4629 | D:5      | Reached XP level 8. HP: 40/40 MP: 9/9
  5336 | D:6      | Noticed a two-headed ogre
  5461 | D:6      | Reached skill level 9 in Ranged Weapons
  5782 | D:6      | Reached skill level 5 in Evocations
  6015 | D:5      | Killed a two-headed ogre
  6016 | D:5      | Reached skill level 10 in Ranged Weapons
  6016 | D:5      | Reached XP level 9. HP: 46/46 MP: 10/10
  6288 | D:6      | Found an ancient bone altar of Kikubaaqudgha.
  6539 | D:7      | Identified a scroll of acquirement
  6540 | D:7      | Acquired a manual of Invocations
  6728 | D:7      | Found a radiant altar of Vehumet.
  6768 | D:7      | Found a shimmering altar of Xom.
  6810 | D:7      | Found a staircase to the Ecumenical Temple.
  6849 | D:6      | Reached skill level 11 in Ranged Weapons
  7226 | D:7      | Found an opulent altar of Gozag.
  7226 | D:7      | Found Gozag's Platinum Reserve.
  7312 | D:8      | Reached skill level 5 in Fighting
  7355 | D:8      | Reached skill level 1 in Armour
  7466 | Temple   | Entered the Ecumenical Temple
  7629 | Temple   | Became a worshipper of Warmaster Okawaru
  7839 | D:7      | Reached skill level 1 in Invocations
  7894 | D:7      | Found Safubb's General Store.
  7902 | D:7      | Bought a scroll of poison for 48 gold pieces
  8364 | D:9      | Reached skill level 12 in Ranged Weapons
  8412 | D:9      | Reached * piety under Okawaru
  8505 | D:9      | Noticed Prince Ribbit
  8513 | D:9      | Killed Prince Ribbit
  8514 | D:9      | Reached XP level 10. HP: 43/51 MP: 13/13
  9208 | D:10     | Entered Level 10 of the Dungeon
  9271 | D:10     | Reached ** piety under Okawaru
  9660 | D:10     | Noticed an ice statue
  9803 | D:10     | Reached skill level 13 in Ranged Weapons
  9821 | D:10     | Found a staircase to the Lair.
  9858 | D:10     | Noticed a centaur warrior
  9859 | D:10     | Noticed a deep elf pyromancer
  9859 | D:10     | Noticed a death knight
  9981 | D:10     | Found Hiamuluc's Antique Armour Emporium.
 10661 | D:10     | Killed a deep elf pyromancer
 10701 | D:10     | Reached *** piety under Okawaru
 10802 | D:10     | Killed a centaur warrior
 10802 | D:10     | Reached **** piety under Okawaru
 10803 | D:10     | Reached skill level 14 in Ranged Weapons
 11088 | D:10     | Killed a death knight
 11089 | D:10     | Reached XP level 11. HP: 56/56 MP: 15/15
 11386 | D:11     | Noticed a brown ugly thing
 11461 | Lair:1   | Entered Level 1 of the Lair of Beasts
 11577 | Lair:1   | Reached skill level 5 in Invocations
 11615 | Lair:1   | Identified the +0 ring mail of the Mordant Catfish {Int+4}
 11878 | Lair:1   | Found a gate leading to a gauntlet.
 11886 | Gauntlet | Entered a Gauntlet
 11886 | Gauntlet | Noticed a fire crab
 11886 | Gauntlet | Noticed a soul eater
 11886 | Gauntlet | Found a transporter.
 11886 | Gauntlet | Found a transporter.
 11889 | Gauntlet | Found a transporter.
 11891 | Gauntlet | Found a transporter.
 11892 | Gauntlet | Found a transporter.
 11924 | Gauntlet | Found a runed translucent door.
 11926 | Gauntlet | Found a transporter.
 11927 | Gauntlet | Found a runed translucent door.
 11928 | Gauntlet | Found a runed translucent door.
 11929 | Gauntlet | Found a transporter.
 11929 | Gauntlet | Noticed a death scarab
 11959 | Gauntlet | Found a transporter.
 11962 | Gauntlet | Found a transporter.
 11962 | Gauntlet | Found a transporter.
 11964 | Gauntlet | Noticed a thrashing horror
 11964 | Gauntlet | Noticed a wolf spider
 12047 | Gauntlet | Found a transporter.
 12055 | Gauntlet | Noticed a catoblepas
 12062 | Gauntlet | Found a transporter.
 12076 | Gauntlet | Found a runed translucent gate.
 12077 | Gauntlet | Found a transporter.
 12077 | Gauntlet | Found a runed translucent gate.
 12078 | Gauntlet | Found a runed translucent gate.
 12084 | Gauntlet | Found the +2 hood of the Assassin {Detect Stab+ Stlth++}
 12086 | Gauntlet | Noticed a thrashing horror
 12087 | Gauntlet | Found a transporter.
 12257 | Gauntlet | Identified the amulet of Alicrot {Spirit +Inv rF+}
 12318 | Gauntlet | Killed a fire crab
 12319 | Gauntlet | Reached skill level 5 in Dodging
 12551 | Gauntlet | Mangled by a harpy simulacrum

Illustrated notes

Levels and vault maps discovered:
D:1:      minmay_arrival_widening_spiral_wide, layout_basic, minmay_box_of_dots
D:2:      layout_basic, minmay_misc_feat_more_columns, minmay_goblin_outpost
D:3:      layout_basic, uniq_robin, uniq_crazy_yiuf_cottage, uniq_terence
D:4:      layout_rooms, mainiacjoe_overflow_alcove_2, serial_demonic,
          serial_demonic_b, serial_demonic_f, serial_demonic_f,
          serial_demonic_c, serial_demonic_c, serial_demonic_f,
          serial_demonic_d, solitary_fountain
D:5:      layout_basic, nicolae_ossuary_entry_false_entrances
D:6:      hangedman_cross_stitches, layout_basic, tgw_kikubaaqudgha
D:7:      layout_basic, kennysheep_mini_moat, kennysheep_mini,
          nicolae_gozag_zags_fifth_avenue, minmay_temple_entry_tees,
          serial_shops, shop
D:8:      layout_basic
D:9:      layout_cave_pods, uniq_prince_ribbit1
D:10:     cheibrodos_frozen_isle, layout_stronghold, erik_lair_orcish_takeover,
          serial_column_ruins, column_ruins_columns_straight,
          column_ruins_grid_3, column_ruins_columns_plus, column_ruins_grid_1,
          serial_shops, nicolae_shop_overgrown_old_shop, chequers_big_river,
          minmay_radiant
D:11:     kennysheep_blocky_hall, layout_basic, orc_0_dummy, enter_trove_6,
          uniq_snorg
Temple:   bh_familiar_temple
Lair:1:   layout_roguey, gauntlet_entry_generic, grunt_megastairs_2
Gauntlet: gammafunk_gauntlet_mixed_choke_point
          [minmay_gauntlet_arena_77_checkered, minmay_gauntlet_arena_77_path,
          minmay_gauntlet_arena_77_shame_cube, nicolae_gauntlet_arena_x,
          minmay_gauntlet_arena_77_fan, minmay_gauntlet_arena_77_run_for_it,
          minmay_gauntlet_arena_77_tiled_triplets,
          dreamdust_gauntlet_exit_labyrinth]

Skill      XL: |  1  2  3  4  5  6  7  8  9 10 11 |
---------------+----------------------------------+-----
Ranged Weapons | 5 6 7 8 10 12 14 | 14.5
Dodging        | 3 4 5 |  5.0
Stealth        | 2 |  2.7
Evocations     | 1 2 3 4 5 |  5.5
Fighting       | 2 3 4 5 6 |  6.4
Armour         | 1 2 3 |  3.4
Invocations    | 3 4 5 |  5.6

Action                     |  1- 3 |  4- 6 |  7- 9 | 10-12 || total
---------------------------+-------+-------+-------+-------++-------
   Fire: Shortbow          |   107 |   316 |   534 |   669 ||  1626
 Invoke: Heroism           |       |       |       |     4 ||     4
    Use: Potion            |       |     1 |     2 |     2 ||     5
         Scroll            |       |       |    15 |     1 ||    16
 Armour: Robe              |     2 |    14 |     8 |       ||    24
         Acid dragon scale |       |       |    28 |    23 ||    51
         Quicksilver drago |       |       |       |    28 ||    28
  Dodge: Dodged            |    29 |    97 |   152 |   155 ||   433
